NCAA
TEXAS A&M AGGIES @ PURDUE BOILERMAKERS
05/03/2024
 
TOP OF THE 1ST
Texas A&M Aggies batting - Pitching for Purdue Boilermakers : RHP Drake Williams
Pitching: RHP Drake Williams
Batting: LHB Dave Bryant 0-0: Ball
1-0: Foul Ball, location: 2F
1-1: Called Strike
1-2: Strikes out swinging
Batting: RHB Julian Lee 0-0: SOLO HOME RUN (Flyball, 7D), Distance : 393 ft
Batting: RHB Ryan Hilton 0-0: Foul Ball, location: 2F
0-1: SINGLE (Groundball, 5D)
Batting: RHB Chance May 0-0: Ball
1-0: Foul Ball, location: 2F
1-1: SINGLE (Groundball, 34D)
Ryan Hilton to second
Batting: RHB Chris Burrell 0-0: Called Strike
0-1: Ball
1-1: Called Strike
1-2: Foul Ball, location: 2F
1-2: SINGLE (Line Drive, 7LS)
Ryan Hilton to third
Chance May to second
Batting: LHB Vicente Rangel 0-0: Ball
1-0: Ball
2-0: Called Strike
2-1: Foul Ball, location: 2F
2-2: Ball
3-2: Strikes out swinging
Batting: RHB Rodney Ervin 0-0: Called Strike
0-1: Ball
1-1: Ball
2-1: Foul Ball, location: 2F
2-2: Ball
3-2: Base on Balls
Ryan Hilton scores
Chance May to third
Chris Burrell to second
Batting: SHB Jason Mason 0-0: Ball
1-0: Ball
2-0: Ball
3-0: Base on Balls
Chance May scores
Chris Burrell to third
Rodney Ervin to second
Batting: SHB Bill Butler 0-0: Foul Ball, location: 2F
0-1: Ball
1-1: Foul Ball, location: 2F
1-2: Ball
2-2: Ball
3-2: Foul Ball, location: 2F
3-2: Fly out, F8 (Flyball, 8LD)
Top of the 1st over - 3 run(s), 4 hit(s), 0 error(s), 3 left on base; Texas A&M 3 - Purdue 0
BOTTOM OF THE 1ST
Purdue Boilermakers batting - Pitching for Texas A&M Aggies : LHP Terry Morris
Pitching: LHP Terry Morris
Batting: RHB Bill Crawley 0-0: Foul Ball, location: 2F
0-1: Ball
1-1: Ball
2-1: Ball
3-1: Called Strike
3-2: Fly out, F8 (Flyball, 8RXD)
Batting: RHB John Martin 0-0: Called Strike
0-1: Fly out, F4 (Line Drive, 4)
Batting: RHB Norm Scott 0-0: Ball
1-0: Foul Ball, location: 2F
1-1: DOUBLE (Flyball, 89D)
Batting: RHB Jeff Mason 0-0: Fly out, F7 (Flyball, 78S)
Bottom of the 1st over - 0 run(s), 1 hit(s), 0 error(s), 1 left on base; Texas A&M 3 - Purdue 0
TOP OF THE 2ND
Texas A&M Aggies batting - Pitching for Purdue Boilermakers : RHP Drake Williams
Batting: LHB Dave Bryant 0-0: Ball
1-0: Called Strike
1-1: Ball
2-1: Ball
3-1: Called Strike
3-2: Foul Ball, location: 2F
3-2: Base on Balls
Batting: RHB Julian Lee 0-0: Called Strike
0-1: Fly out, F8 (Flyball, 89M)
Batting: RHB Ryan Hilton 0-0: Ball
1-0: Fly out, F4 (Line Drive, 4)
Batting: RHB Chance May 0-0: Ball
1-0: Ball
2-0: Ball
3-0: Called Strike
3-1: Foul Ball, location: 2F
3-2: Strikes out swinging
Top of the 2nd over - 0 run(s), 0 hit(s), 0 error(s), 1 left on base; Texas A&M 3 - Purdue 0
BOTTOM OF THE 2ND
Purdue Boilermakers batting - Pitching for Texas A&M Aggies : LHP Terry Morris
Batting: RHB Glenn Broadwater 0-0: SOLO HOME RUN (Flyball, 7D), Distance : 417 ft
Batting: LHB Richard Brooks 0-0: SINGLE (Flyball, 7S)
Batting: RHB John Jamison 0-0: Ball
1-0: Swinging Strike
1-1: Fly out, F8 (Flyball, 8LM)
Batting: RHB Ricardo Velásquez 0-0: Grounds into double play, 6-4-3 (Groundball, 6)
Bottom of the 2nd over - 1 run(s), 2 hit(s), 0 error(s), 0 left on base; Texas A&M 3 - Purdue 1
TOP OF THE 3RD
Texas A&M Aggies batting - Pitching for Purdue Boilermakers : RHP Drake Williams
Batting: RHB Chris Burrell 0-0: Swinging Strike
0-1: Swinging Strike
0-2: Ball
1-2: Foul Ball, location: 2F
1-2: SINGLE (Line Drive, 4D)
Batting: LHB Vicente Rangel 0-0: SINGLE (Groundball, 4MD)
Chris Burrell to second
Batting: RHB Rodney Ervin 0-0: Called Strike
0-1: Ball
1-1: Swinging Strike
1-2: Strikes out looking
Batting: SHB Jason Mason 0-0: Called Strike
0-1: Ball
1-1: Called Strike
1-2: Fly out, F7 (Flyball, 7M)
Batting: SHB Bill Butler 0-0: Ball
1-0: Foul Ball, location: 2F
1-1: Fly out, F6 (Popup, 6M)
Top of the 3rd over - 0 run(s), 2 hit(s), 0 error(s), 2 left on base; Texas A&M 3 - Purdue 1
BOTTOM OF THE 3RD
Purdue Boilermakers batting - Pitching for Texas A&M Aggies : LHP Terry Morris
Batting: RHB Ryan Brown 0-0: Ball
1-0: Swinging Strike
1-1: Foul Ball, location: 2F
1-2: Ball
2-2: Ball
3-2: Foul Ball, location: 2F
3-2: Base on Balls
Batting: RHB Bill Crawley 0-0: Called Strike
0-1: Fly out, F8 (Flyball, 78M)
Batting: RHB John Martin 0-0: Ball
1-0: Ball
2-0: Foul Ball, location: 2F
2-1: Ball
3-1: Base on Balls
Ryan Brown to second
Batting: RHB Norm Scott 0-0: Called Strike
0-1: Foul Ball, location: 2F
0-2: Strikes out looking
Batting: RHB Jeff Mason 0-0: Ball
1-0: Ball
2-0: TRIPLE (Line Drive, 5L)
Ryan Brown scores
John Martin scores
Batting: RHB Glenn Broadwater 0-0: Ball
1-0: Called Strike
1-1: Foul Ball, location: 2F
1-2: Strikes out swinging
Bottom of the 3rd over - 2 run(s), 1 hit(s), 0 error(s), 1 left on base; Texas A&M 3 - Purdue 3
TOP OF THE 4TH
Texas A&M Aggies batting - Pitching for Purdue Boilermakers : RHP Drake Williams
Batting: LHB Dave Bryant 0-0: Called Strike
0-1: Foul Ball, location: 2F
0-2: Ball
1-2: Ball
2-2: Strikes out swinging
Batting: RHB Julian Lee 0-0: Bunted foul
0-1: SINGLE (Groundball, 5L)
Batting: RHB Ryan Hilton 0-0: Called Strike
0-1: Foul Ball, location: 2F
0-2: Ball
1-2: Foul Ball, location: 2F
1-2: Ball
2-2: Ball
3-2: Strikes out swinging
Julian Lee is caught stealing 2nd base
Batter strikes out.
Top of the 4th over - 0 run(s), 1 hit(s), 0 error(s), 0 left on base; Texas A&M 3 - Purdue 3
BOTTOM OF THE 4TH
Purdue Boilermakers batting - Pitching for Texas A&M Aggies : LHP Terry Morris
Batting: LHB Richard Brooks 0-0: Ball
1-0: Fly out, F4 (Popup, 4M)
Batting: RHB John Jamison 0-0: Ball
1-0: Ball
2-0: Foul Ball, location: 2F
2-1: Called Strike
2-2: Ball
3-2: Strikes out looking
Batting: RHB Ricardo Velásquez 0-0: Called Strike
0-1: Foul Ball, location: 2F
0-2: Ground out 5-3 (Groundball, 5S)
Bottom of the 4th over - 0 run(s), 0 hit(s), 0 error(s), 0 left on base; Texas A&M 3 - Purdue 3
TOP OF THE 5TH
Texas A&M Aggies batting - Pitching for Purdue Boilermakers : RHP Drake Williams
Pitching: RHP Michael Hankins
Batting: RHB Chance May 0-0: Called Strike
0-1: Fly out, F8 (Line Drive, 8LM)
Batting: RHB Chris Burrell 0-0: Called Strike
0-1: Ball
1-1: Called Strike
1-2: Strikes out swinging
Batting: LHB Vicente Rangel 0-0: Fly out, F9 (Line Drive, 9S)
Top of the 5th over - 0 run(s), 0 hit(s), 0 error(s), 0 left on base; Texas A&M 3 - Purdue 3
BOTTOM OF THE 5TH
Purdue Boilermakers batting - Pitching for Texas A&M Aggies : LHP Terry Morris
Batting: RHB Ryan Brown 0-0: Foul Ball, location: 2F
0-1: Ball
1-1: SINGLE (Line Drive, 78S)
Batting: RHB Bill Crawley 0-0: Ball
1-0: 2-RUN HOME RUN (Flyball, 7D), Distance : 411 ft
Batting: RHB John Martin 0-0: Called Strike
0-1: Swinging Strike
0-2: Ball
1-2: Ball
2-2: Ball
3-2: SINGLE (Groundball, 56D)
Batting: RHB Norm Scott 0-0: Ball
1-0: SINGLE (Line Drive, 9S)
John Martin to second
Batting: RHB Jeff Mason 0-0: Ball
1-0: Fielders Choice at 2nd, 5-4 (Groundball, 56)
John Martin to third
Batting: RHB Glenn Broadwater 0-0: Ball
1-0: Fly out, F8 (Flyball, 8RXD)
Runner from 3rd tags up, SCORES, no throw
Batting: LHB Richard Brooks 0-0: Called Strike
0-1: Ball
1-1: Ball
2-1: Ball
3-1: Base on Balls
Jeff Mason to second
Batting: RHB John Jamison 0-0: Ball
1-0: Foul Ball, location: 2F
1-1: Ball
2-1: Swinging Strike
2-2: Ball
3-2: Foul Ball, location: 2F
3-2: Strikes out swinging
Bottom of the 5th over - 3 run(s), 4 hit(s), 0 error(s), 2 left on base; Texas A&M 3 - Purdue 6
TOP OF THE 6TH
Texas A&M Aggies batting - Pitching for Purdue Boilermakers : RHP Michael Hankins
Batting: RHB Rodney Ervin 0-0: Fly out, F7 (Flyball, 7D)
Batting: SHB Jason Mason 0-0: Ball
1-0: Foul Ball, location: 2F
1-1: Fly out, F7 (Flyball, 7M)
Batting: SHB Bill Butler 0-0: Ball
1-0: Ground out 6-3 (Groundball, 6)
Top of the 6th over - 0 run(s), 0 hit(s), 0 error(s), 0 left on base; Texas A&M 3 - Purdue 6
BOTTOM OF THE 6TH
Purdue Boilermakers batting - Pitching for Texas A&M Aggies : LHP Terry Morris
Pitching: RHP Gene Whitley
Batting: RHB Ricardo Velásquez 0-0: Ball
1-0: SINGLE (Line Drive, 6MD)
Batting: RHB Ryan Brown 0-0: Foul Ball, location: 2F
0-1: 2-RUN HOME RUN (Line Drive, 7D), Distance : 420 ft
Batting: RHB Bill Crawley 0-0: Ball
1-0: Foul Ball, location: 2F
1-1: Foul Ball, location: 2F
1-2: Foul Ball, location: 2F
1-2: Ball
2-2: Ball
3-2: Foul Ball, location: 2F
3-2: Foul Ball, location: 2F
3-2: SINGLE (Line Drive, 4M)
Batting: RHB John Martin 0-0: Ball
Bill Crawley steals 2nd base
1-0: SINGLE (Line Drive, 8RS)
Bill Crawley to third
Batting: RHB Norm Scott 0-0: Ball
1-0: Ball
2-0: Ball
3-0: Called Strike
3-1: Base on Balls
John Martin to second
Batting: RHB Jeff Mason 0-0: Fly out, F9 (Flyball, 9LS)
Batting: RHB Glenn Broadwater 0-0: Foul Ball, location: 2F
0-1: Ball
1-1: Ball
2-1: Grounds into double play, 6-4-3 (Groundball, 6)
Bottom of the 6th over - 2 run(s), 4 hit(s), 0 error(s), 2 left on base; Texas A&M 3 - Purdue 8
TOP OF THE 7TH
Texas A&M Aggies batting - Pitching for Purdue Boilermakers : RHP Michael Hankins
Pitching: RHP Ed Knox
Batting: LHB Dave Bryant 0-0: Called Strike
0-1: Foul Ball, location: 2F
0-2: Strikes out swinging, 2-3 out at first.
Batting: RHB Julian Lee 0-0: Ball
1-0: Called Strike
1-1: DOUBLE (Line Drive, 8LM)
Batting: RHB Ryan Hilton 0-0: Fly out, F6 (Popup, 56)
Batting: RHB Chance May 0-0: Ball
1-0: Ball
2-0: Called Strike
2-1: Ball
3-1: Base on Balls
Batting: RHB Chris Burrell 0-0: Called Strike
0-1: Fly out, F9 (Flyball, 9M)
Top of the 7th over - 0 run(s), 1 hit(s), 0 error(s), 2 left on base; Texas A&M 3 - Purdue 8
BOTTOM OF THE 7TH
Purdue Boilermakers batting - Pitching for Texas A&M Aggies : RHP Gene Whitley
Batting: LHB Richard Brooks 0-0: Called Strike
0-1: Foul Ball, location: 2F
0-2: Strikes out swinging
Batting: RHB John Jamison 0-0: Called Strike
0-1: Fly out, F3 (Popup, 3SF)
Batting: RHB Ricardo Velásquez 0-0: Ground out U3 (Groundball, 3)
Bottom of the 7th over - 0 run(s), 0 hit(s), 0 error(s), 0 left on base; Texas A&M 3 - Purdue 8
TOP OF THE 8TH
Texas A&M Aggies batting - Pitching for Purdue Boilermakers : RHP Ed Knox
Batting: LHB Vicente Rangel 0-0: Ball
1-0: Fly out, F8 (Flyball, 8RM)
Batting: RHB Rodney Ervin 0-0: Swinging Strike
0-1: Ball
1-1: Ball
2-1: Ball
3-1: Called Strike
3-2: Foul Ball, location: 2F
3-2: Base on Balls
Batting: SHB Jason Mason 0-0: Foul Ball, location: 2F
0-1: SINGLE (Groundball, 6MD)
Rodney Ervin to second
Batting: SHB Bill Butler 0-0: Called Strike
0-1: Fly out, F7 (Flyball, 78M)
Batting: LHB Dave Bryant 0-0: Ball
1-0: Ball
2-0: Ground out 5-3 (Groundball, 5)
Top of the 8th over - 0 run(s), 1 hit(s), 0 error(s), 2 left on base; Texas A&M 3 - Purdue 8
BOTTOM OF THE 8TH
Purdue Boilermakers batting - Pitching for Texas A&M Aggies : RHP Gene Whitley
Pitching: RHP George Burks
Batting: RHB Ryan Brown 0-0: Ball
1-0: Ball
2-0: Foul Ball, location: 2F
2-1: Ball
3-1: SINGLE (Line Drive, 89S)
Batting: RHB Bill Crawley 0-0: Ball
1-0: Bunt missed!
1-1: Bunted foul
1-2: Ball
2-2: Foul Ball, location: 2F
2-2: Ball
3-2: Foul Ball, location: 2F
3-2: Foul Ball, location: 2F
3-2: Base on Balls
Ryan Brown to second
Batting: RHB John Martin 0-0: Ball
1-0: Ball
2-0: Foul Ball, location: 2F
2-1: Ball
3-1: Base on Balls
Ryan Brown to third
Bill Crawley to second
Batting: RHB Norm Scott 0-0: Ball
1-0: SINGLE (Groundball, 6MD)
Ryan Brown scores
Bill Crawley to third
John Martin to second
Runner from 3rd tries for Home, SAFE, no throw or cutoff
Batting: RHB Jeff Mason 0-0: Fielders Choice at 2nd, 3-6 (Groundball, 3)
John Martin to third
Batting: RHB Glenn Broadwater 0-0: Ball
1-0: Called Strike
1-1: Swinging Strike
1-2: Ball
2-2: Fly out, F6 (Line Drive, 6M)
2-2: Fly out, F6 (Line Drive, 6M)
Batting: LHB Richard Brooks 0-0: Fielders Choice at 2nd, U4 (Groundball, 4M)
Bottom of the 8th over - 2 run(s), 2 hit(s), 0 error(s), 2 left on base; Texas A&M 3 - Purdue 10
TOP OF THE 9TH
Texas A&M Aggies batting - Pitching for Purdue Boilermakers : RHP Ed Knox
Pitching: LHP Dave Stokes
Now at C: José Rivera
Batting: RHB Julian Lee 0-0: Ball
1-0: Ball
2-0: Foul Ball, location: 2F
2-1: Bunt for hit - play at first, batter safe!
Batting: RHB Ryan Hilton 0-0: Ball
Passed Ball!
Julian Lee to second
1-0: Foul Ball, location: 2F
1-1: Swinging Strike
1-2: Fly out, F9 (Flyball, 89M)
Batting: RHB Chance May 0-0: Fly out, F8 (Flyball, 8LD)
Batting: RHB Chris Burrell 0-0: Ball
1-0: Ball
2-0: Foul Ball, location: 2F
2-1: DOUBLE (Line Drive, 7LM)
Julian Lee scores
Batting: LHB Vicente Rangel 0-0: Called Strike
0-1: Foul Ball, location: 2F
0-2: Ground out 4-3 (Groundball, 4)
Top of the 9th over - 1 run(s), 2 hit(s), 0 error(s), 1 left on base; Texas A&M 4 - Purdue 10
This league is powered by Out of the Park Baseball, the baseball management simulation game for PC, Mac and Linux
Saturday, April 9th, 2016 - OOTP Baseball 16.8 Build 38